 Dungeon Crawl Stone Soup version 0.31-a0-4-gefa6de2278 (webtiles) character file.

Game seed: 112110007485718315

36 BlueFish the Trooper (level 3, 0/26 HPs)
             Began as an Octopode Fighter on May 5, 2023.
             Succumbed to an adder's poison
             ... on level 2 of the Dungeon.
             The game lasted 00:02:10 (930 turns).

BlueFish the Trooper (Octopode Fighter)              Turns: 930, Time: 00:02:11

Health: 0/26       AC:  2    Str: 17    XL:     3   Next: 37%
Magic:  3/3        EV: 13    Int: 10    God:
Gold:   67         SH:  5    Dex: 11    Spells: 2/2 levels left

rFire   . . .        b - +1 sling
rCold   . . .        i - +1 buckler
rNeg    . . .        (helmet restricted)
rPois   .            (no amulet)
rElec   .            (no ring)
rCorr   .            (no ring)
SInv    .            (no ring)
Will    .....        (no ring)
Stlth   +++          (no ring)
HPRegen 0.24/turn    (no ring)
MPRegen 0.08/turn    (no ring)
                     (no ring)

%: no passive effects
@: lethally poisoned (0 -> -2)
A: almost no armour, amphibious, 8 rings, camouflage 1, gelatinous body 1,
(nimble swimmer 1), tentacles, deterioration 1, shaggy fur 1, subdued magic 1
a: no special abilities


You were on level 2 of the Dungeon.
You visited 1 branch of the dungeon, and saw 2 of its levels.

You collected 77 gold pieces.
You spent 10 gold pieces at shops.

Inventory:

Hand Weapons
 a - a +0 dagger of speed
 b - a +1 sling (weapon)
 j - a +0 rapier
Missiles
 h - 4 poisoned darts
 k - 8 stones
Armour
 i - a +1 buckler (worn)
Scrolls
 g - a scroll of amnesia {unknown}
 l - a scroll of blinking {unknown}
Potions
 c - 2 potions of might


   Skills:
 + Level 3.2 Fighting
 + Level 2.3 Short Blades
 + Level 0.4 Throwing
 + Level 3.1 Dodging
 * Level 2.3 Stealth
 + Level 3.2 Shields


You had 2 spell levels left.
You didn't know any spells.
Your spell library was empty.

Dungeon Overview and Level Annotations

Branches:
Dungeon (2/15)

Altars:

Shops:
D:1 *


Innate Abilities, Weirdness & Mutations

You cannot wear most types of armour.
You are amphibious.
You can wear up to eight rings at the same time.
Your skin changes colour to match your surroundings (Stealth+).
Your rubbery body absorbs attacks. (AC +1, EV +1)
((You are camouflaged when in or above water. (Stealth+)))
You have tentacles for arms and can constrict up to eight enemies at once.
Your body sometimes deteriorates upon taking damage.
You are covered in fur. (AC +1)
Your spells are a little easier to cast, but a little less powerful.


Message History

Your squeeze misses the adder.
The adder is severely wounded.
You feel sick. The adder bites you.
You are more poisoned.
The adder poisons you!
You barely miss the adder. Your grab misses the adder.
Your squeeze misses the adder.
The adder is severely wounded.
You feel sick.
You closely miss the adder. You grab the adder.
The adder is severely wounded.
You constrict the adder.
You feel sick. The adder bites you.
You are lethally poisoned!
The adder poisons you!
You hit the adder. You squeeze the adder.
You kill the adder!
You feel sick.
b - a +0 sling (weapon)
You feel sick.
There is a lethal amount of poison in your body!
It was a potion of mutation.
You feel extremely strange.
You feel yourself wasting away.
Your connection to magic feels subdued.
Fur sprouts all over your body.
* * * LOW HITPOINT WARNING * * *
You feel sick.
* * * LOW HITPOINT WARNING * * *
You feel sick.
* * * LOW HITPOINT WARNING * * *
You feel sick.
* * * LOW HITPOINT WARNING * * *
You feel sick.
As you read the scroll labelled UPAECH JARAM, it crumbles to dust.
It is a scroll of enchant weapon.
Your +0 sling glows red for a moment.
* * * LOW HITPOINT WARNING * * *
You feel sick.
As you read the scroll labelled ZATTEPR COCRE, it crumbles to dust.
It is a scroll of enchant armour.
Your +0 buckler glows green for a moment.
You die...

#######.. ...
.......#. ..#
#######... ..##
#......... ...
....#####... ..# #
#.#. ..# #.#.
####..### #.#.
#..@....# #.#. ###
#.#####.#########.#.
## ##.######.#
........).. ...
#....[....#
########.## #.#
##.######.# #.#
...##.####...#
#######>#
.#.#.#.......#..
#.......#
........###....##
#.####### .#.#.#.##
#.#### #.#


There were no monsters in sight!

Vanquished Creatures
  2 adders (D:2)
  A worm (D:2)
  A ball python (D:1)
  An endoplasm (D:1)
  2 giant cockroaches (D:1)
  A hobgoblin (D:1)
  A kobold (D:2)
  A quokka (D:1)
  A frilled lizard (D:1)
  2 goblins
  3 rats (D:1)
16 creatures vanquished.

Notes
Turn   | Place    | Note
-------+----------+-------------------------------------------
     0 | D:1      | BlueFish the Octopode Fighter began the quest for the Orb.
     0 | D:1      | Reached XP level 1. HP: 16/16 MP: 1/1
   133 | D:1      | Found Repam's General Store.
   138 | D:1      | Bought a potion of degeneration for 10 gold pieces
   279 | D:1      | Reached skill level 1 in Stealth
   339 | D:1      | Reached XP level 2. HP: 21/21 MP: 2/2
   872 | D:2      | Reached XP level 3. HP: 26/26 MP: 3/3
   925 | D:2      | Gained mutation: Your body sometimes deteriorates upon
                  | taking damage. [potion of mutation]
   925 | D:2      | Gained mutation: Your spells are a little easier to cast,
                  | but a little less powerful. [potion of mutation]
   925 | D:2      | Gained mutation: You are covered in fur. (AC +1) [potion of
                  | mutation]
   928 | D:2      | HP: 1/26 [poisoned by an adder]
   930 | D:2      | Succumbed to an adder's poison

Illustrated notes

Levels and vault maps discovered:
D:1:      amcnicky_arrival_choice, layout_basic, serial_shops,
          nicolae_shop_statue_plus
D:2:      layout_loops_ring, minmay_split_cup_small

Skill      XL: |  1  2 |
---------------+-------+-----
Stealth        | 1 2 |  2.3
Fighting       | |  3.2
Short Blades   | |  2.3
Throwing       | |  0.4
Dodging        | |  3.1
Shields        | |  3.2

Action                     || total
---------------------------++-------
  Melee: Rapier            ||    18
         Constrict         ||     8
         Tentacles         ||     7
         Dagger            ||    22
   Fire: Sling             ||    22
    Use: Scroll            ||     2
         Potion            ||     1
   Stab: Sleeping          ||     2
  Dodge: Dodged            ||    18
  Block: Buckler           ||     4

Table legend: (Time is in decaauts)
 A = Elapsed time spent in this place.
 B = Non-inter-level travel time spent in this place.
 C = Inter-level travel time spent in this place.
 D = Time resting spent in this place.
 E = Time spent auto-exploring this place.
 F = Levels seen in this place.
 G = Mean time per level.
                   A        B        C        D        E       F      G
               +--------+--------+--------+--------+--------+-----+--------+
         Total |    925 |    878 |     47 |      0 |    710 |   2 |  462.5 |
       Dungeon |    925 |    878 |     47 |      0 |    710 |   2 |  462.5 |
               +--------+--------+--------+--------+--------+-----+--------+

Top non-repeatable levels by time:
     D:1: 749 daAuts
     D:2: 175 daAuts
